[Event "*** Titled Tuesday 3|2 Blitz"]
[Site "Chess.com"]
[Date "2016.01.05"]
[Round "2"]
[White "cheese111"]
[Black "spirals5"]
[Result "1-0"]
[WhiteElo "2263"]
[BlackElo "2204"]
[TimeControl "180+2"]
[EndTime "17:27:49 PST"]
[Termination "cheese111 won by resignation"]

1. e4 c5 2. Nf3 d6 3. d4 cxd4 4.
Qxd4 Nc6 5. Bb5 Bd7 6. Bxc6 Bxc6 7. Nc3 Nf6 8. Bg5 e6 9. O-O-O Be7 10. Qd3 a6 11. Nd4 Qc7 12. f4 Rd8 13. f5 e5 14.
Bxf6 Bxf6 15. Nf3 b5 16. Nd5 Bxd5 17. Qxd5 O-O 18. Kb1 Rc8 19. Rd2 Rfd8 20. g4 Be7 21. Qd3 Qc4 22. Qxc4 Rxc4 23. Re2 f6 24. Nd2 Rc7 25.
Nb3 d5 26. Rd1 dxe4 27. Rxd8+ Bxd8 28. Rxe4 Be7 29. c3 Kf7 30. Kc2 Ke8 31. Nd2 Kd7 32. a4 Kc6 33. h3 Kb6 34. axb5 axb5 35. Re1 Ra7 36. Ne4 Ra4 37. Kb3 h6 38. Ng3 Bc5 39.
Rd1 Ra7 40. Ne4 Be7 41. Rd5 Kc6 42. Rd3 Ra1 43. Ng3 Ra7 44. Nh5 Bc5 45. Rd8 e4 46.
Re8 e3 47. Nf4 Re7 48. Rxe7 Bxe7 49. Kc2 b4 50. Kd3 bxc3 51. bxc3 Bc5 52. Ng2 Kd5 53.
Nxe3+ Ke5 54. Ng2 Ba7 55. Ke2 Ke4 56. c4 Bc5 57. Ne1 Kd4 58. Kf3 Kxc4 59. Ke4 Bb6 60. Nd3 Bc7 61. Nf2 Bb6 62. Nd3 Bc7 63. Nc1 Bb6 64.
Ne2 Bc7 65. Nd4 Be5 66. Ne6 Kc3 67. Nxg7 Kd2 68. Kf3 Kd3 69. Nh5 Kd4 70. Nf4 Bd6 71. Ne6+ Ke5 72. Nf4 Ba3 73. Ne2 Bb2 74. Ng3 Bc1 75. Ne4 Ba3 76. Nc3 Bc5 77. Ne2 Bb6 78. Nf4 Kd6 79. Ke4 Bd8 80. Ne6 Bb6 81. Ng7 Ke7 82. Kd5 Be3 83. Ne6 Bd2 84. Nc5 Be3 85. Kc6 Bd2 86. Ne4 Bf4 87. Nc3 Be5 88. Nd5+ Kf7 89.
Kd7 Bf4 90. Nxf4 1-0

[Event "*** Titled Tuesday 3|2 Blitz"]
[Site "Chess.com"]
[Date "2016.01.05"]
[Round "2"]
[White "Smirnov_Pavel"]
[Black "StellarChessPro"]
[Result "1-0"]
[WhiteElo "2230"]
[BlackElo "2224"]
[TimeControl "180+2"]
[EndTime "17:28:23 PST"]
[Termination "Smirnov_Pavel won by resignation"]

1. d4 d5 2. c4 c6 3. Nf3 Nf6 4. Nc3 e6 5. Bg5 dxc4 6. e4 b5 7. e5 h6 8. Bh4 g5 9. Nxg5 hxg5 10. Bxg5 Nbd7 11. exf6 Bb7 12. g3 Qb6 13. Bg2 c5 14. d5 O-O-O 15. O-O b4 16. Na4 Qb5 17. a3 exd5 18. axb4 d4 19. Nxc5 Nxc5 20. bxc5 Bxg2 21.
Kxg2 Qc6+ 22. Kg1 Bxc5 23. Rc1 d3 24. Qg4+ Kb7 25. Qxc4 Rd5 26. Qb3+ Ka8 27. Bh4 Rd4 28. Qxf7 d2 29. Qg7 Rc8 30. Rcd1 Qd5 31. Qh6 Rg8 32.
Qh7 Rf8 33. b4 Bxb4 34. h3 Bd6 35. Qh6 Rd3 36. Kh2 Rf7 37. Qg6 Rd4 38. Bg5 Kb7 39. Be3 Rd3 40. h4 a5 41. Rb1+ Bb4 42. Rfd1 Rd7 43. h5 Qf3 44. Kg1 R7d5 45. Qg7+ Ka6 46. g4 Rxe3 47. fxe3 Qxe3+ 48. Kg2 Qe2+ 49. Kh1 Qf3+ 50. Kh2 Bd6+ 51. Kg1 Qg3+ 52. Kf1 Qf3+ 53. Kg1 Bc5+ 54. Kh2 Qf2+ 55. Kh1 Qf3+ 56. Kh2 Rd3 57. Qb7+ Qxb7 58. Rxb7 Kxb7 59. g5 Rd5 60. Kh3 Rxg5 61.
Rxd2 Rxh5+ 62. Kg4 Rh8 63. Kf5 Kc6 64. f7 a4 65. Kg6 Ra8 66. Re2 Kd5 67. Re8 Ra6+ 68. Kf5 Ra7 69. Rd8+ Kc4 70. Kg6 a3 71. Rc8 Ra6+ 72.
Kf5 a2 73. f8=Q Ra5 74. Qg8+ Kb4 75. Rb8+ Bb6+ 76. Ke4 a1=Q 77. Qf8+ Ka4 78. Qe8+ Rb5 79. Ra8+ Ba5 80. Rxa5+ Kxa5 81. Qa8+ Kb4 82. Qxa1 Rb6 83. Qb2+ Kc5 84. Qc3+ Kb5 85. Kd5 Rh6 86. Qb2+ Ka6 87. Qa2+ Kb7 88. Qb2+ Rb6 89. Qg7+ Ka6 90. Kc5 Rb5+ 91.
Kc4 Rb6 92. Qd7 Rb4+ 93. Kxb4 1-0

[Event "*** Titled Tuesday 3|2 Blitz"]
[Site "Chess.com"]
[Date "2016.01.05"]
[Round "3"]
[White "Cecile_Haussernot"]
[Black "calemcc"]
[Result "1-0"]
[WhiteElo "2189"]
[BlackElo "2049"]
[TimeControl "180+2"]
[EndTime "17:30:41 PST"]
[Termination "Cecile_Haussernot won by resignation"]

1. e4 e6 2. d4 d5 3. Nc3 Nf6 4. e5 Nfd7 5. f4 c5 6. Nf3 Nc6 7. Be3 a6 8. Qd2 cxd4 9. Nxd4 Bc5 10. O-O-O Nxd4 11. Bxd4 b5 12. Bxc5 Nxc5 13. Qd4 Qc7 14. f5 O-O 15. f6 gxf6 16. exf6 Rb8 17. Qg4+ 1-0

[Event "*** Titled Tuesday 3|2 Blitz"]
[Site "Chess.com"]
[Date "2016.01.05"]
[Round "3"]
[White "Alliswell998"]
[Black "eltenedor"]
[Result "1-0"]
[WhiteElo "2060"]
[BlackElo "1992"]
[TimeControl "180+2"]
[EndTime "17:31:14 PST"]
[Termination "Alliswell998 won by resignation"]

1. e4 d5 2. exd5 Nf6 3. d4 Nxd5 4. c4 Nb6 5. Nc3 g6 6. h3 Bg7 7. Nf3 O-O 8. Be2 Nc6 9. Be3 e5 10. d5 Na5 11. c5 Nbc4 12. Bc1 e4 13. Nd4 1-0

[Event "*** Titled Tuesday 3|2 Blitz"]
[Site "Chess.com"]
[Date "2016.01.05"]
[Round "3"]
[White "Er_is_geen_hoop_meer"]
[Black "MinhGTrAn"]
[Result "0-1"]
[WhiteElo "2301"]
[BlackElo "2546"]
[TimeControl "180+2"]
[EndTime "17:31:30 PST"]
[Termination "MinhGTrAn won by resignation"]

1. e4 c5 2. b3 b6 3. Bb2 Bb7 4. Qe2 Nc6 5. f4 d5 6. exd5 Qxd5 7. Nc3 Qd7 8. Ne4 Nd4 9. Qd3 Qe6 10. Bxd4 Bxe4 11.
Qe3 cxd4 12. Bb5+ Kd8 13. Qxd4+ Qd5 0-1

[Event "*** Titled Tuesday 3|2 Blitz"]
[Site "Chess.com"]
[Date "2016.01.05"]
[Round "3"]
[White "TheMagician"]
[Black "Quiet_Desperation"]
[Result "1-0"]
[WhiteElo "2173"]
[BlackElo "2125"]
[TimeControl "180+2"]
[EndTime "17:31:39 PST"]
[Termination "TheMagician won by checkmate"]

1. e4 e6 2. d4 d5 3. Nc3 Nf6 4. Bg5 dxe4 5. Nxe4 Be7 6. Bxf6 gxf6 7. Nf3 b6 8. Qe2 Bb7 9. O-O-O f5 10. Ng3 Qd5 11. c4 Qa5 12. Kb1 Nd7 13. d5 Nc5 14.
Ne5 Rf8 15. dxe6 fxe6 16. Qh5+ Rf7 17. Qxf7# 1-0

[Event "*** Titled Tuesday 3|2 Blitz"]
[Site "Chess.com"]
[Date "2016.01.05"]
[Round "3"]
[White "Iball95"]
[Black "Hikaru"]
[Result "0-1"]
[WhiteElo "2405"]
[BlackElo "2896"]
[TimeControl "180+2"]
[EndTime "17:33:33 PST"]
[Termination "Hikaru won by checkmate"]

1. Nf3 g6 2. g3 d6 3. Bg2 Bd7 4. O-O Qc8 5. d4 Bg7 6. c4 Bh3 7. Nc3 Nc6 8. d5 Ne5 9. Nxe5 Bxe5 10. f4 Bxc3 11. bxc3 h5 12. e4 h4 13. Rf2 hxg3 14. hxg3 Bxg2 15. Rxg2 Nf6 16. Qf3 Qh3 17. Kf2 Ng4+ 18.
Ke2 Nh2 19. Qf2 Qh5+ 20. Kd3 Qd1+ 21. Qd2 Qf3+ 22. Kd4 c5+ 23. dxc6 bxc6 24. Rxh2 c5+ 25. Kd5 Kd7 26. Rxh8 e6# 0-1

[Event "*** Titled Tuesday 3|2 Blitz"]
[Site "Chess.com"]
[Date "2016.01.05"]
[Round "3"]
[White "HansCoolNiemann"]
[Black "kharposh"]
[Result "1-0"]
[WhiteElo "2226"]
[BlackElo "2082"]
[TimeControl "180+2"]
[EndTime "17:33:45 PST"]
[Termination "HansCoolNiemann won by resignation"]

1. d4 d5 2. c4 c5 3. dxc5 d4 4. Nf3 Nc6 5. e3 e5 6. exd4 exd4 7. Bd3 Bxc5 8. a3 a5 9. O-O Nge7 10. Ng5 h6 11. Nxf7 Kxf7 12. Qh5+ g6 13. Qxc5 Kg7 14.
Bf4 Rf8 15. Bg3 Bf5 16. Rd1 Rc8 17. Qd6 Qb6 18. Be5+ Kh7 19. Bxf5 Rxf5 20. Bg3 Qxb2 21. Nd2 Rd8 22. Qe6 d3 23. Rab1 Qc2 24. Ne4 Ng8 25. Rxb7+ Kh8 26. Rbb1 Nd4 27. Be5+ 1-0

[Event "*** Titled Tuesday 3|2 Blitz"]
[Site "Chess.com"]
[Date "2016.01.05"]
[Round "3"]
[White "AUSSIE_PINOY"]
[Black "1stSecond"]
[Result "0-1"]
[WhiteElo "2329"]
[BlackElo "2487"]
[TimeControl "180+2"]
[EndTime "17:33:50 PST"]
[Termination "1stSecond won by resignation"]

1. d4 Nf6 2. Nf3 c5 3. d5 e6 4. c4 exd5 5. cxd5 d6 6. Nc3 Nbd7 7. Bg5 a6 8. a4 g6 9. e3 Bg7 10. Nd2 O-O 11. Be2 Rb8 12. O-O Qe7 13. h3 b6 14.
Bf4 Ne8 15. e4 Nc7 16. Bg3 b5 17. axb5 Nxb5 18. Nxb5 axb5 19. Qc2 f5 20. f3 f4 21. Bf2 Ne5 22. b4 c4 23. Ra5 Bd7 24. Nb1 Rfc8 25. Nc3 Nd3 26. Rfa1 Nxb4 27. Qd2 Nd3 28. Ra7 b4 29.
Nd1 Bxa1 30. Rxa1 Nxf2 31. Nxf2 b3 32. Qc3 Qe5 0-1

[Event "*** Titled Tuesday 3|2 Blitz"]
[Site "Chess.com"]
[Date "2016.01.05"]
[Round "3"]
[White "Colombiano07"]
[Black "UltimateCrusher2"]
[Result "0-1"]
[WhiteElo "2176"]
[BlackElo "2050"]
[TimeControl "180+2"]
[EndTime "17:34:52 PST"]
[Termination "UltimateCrusher2 won by resignation"]

1. d4 b6 2. e4 Bb7 3. Bd3 e6 4. Nf3 c5 5. Qe2 cxd4 6. Nxd4 g6 7. Bd2 a6 8. Bc3 Bg7 9. Nxe6 Bxc3+ 10. Nxc3 dxe6 11.
O-O-O Qc7 12. h4 Ne7 13. h5 Nbc6 14. hxg6 Nxg6 15. Nd5 exd5 16. exd5+ Qe5 17. Qd2 Qf4 18. dxc6 Qxd2+ 19. Kxd2 Bxc6 20. Rhe1+ Kf8 21. f3 Kg7 22. Kc3 Rhe8 23. Rh1 b5 24. Rh5 h6 25. Rdh1 Rh8 26.
R1h3 Rac8 27. Rc5 Bd7 28. Kb4 Rxc5 29. Kxc5 Bxh3 0-1

[Event "*** Titled Tuesday 3|2 Blitz"]
[Site "Chess.com"]
[Date "2016.01.05"]
[Round "3"]
[White "RitchieBlackmore"]
[Black "nijat_a"]
[Result "1/2-1/2"]
[WhiteElo "2452"]
[BlackElo "2699"]
[TimeControl "180+2"]
[EndTime "17:34:57 PST"]
[Termination "Game drawn by stalemate"]

1. Nf3 e6 2. d4 Nf6 3. Bg5 c5 4. Bxf6 Qxf6 5. c3 Nc6 6. e3 b6 7. Bd3 Bb7 8. O-O Be7 9. Nbd2 O-O 10. Qe2 d5 11. Ba6 Bxa6 12. Qxa6 Rac8 13. Rfe1 e5 14.
e4 dxe4 15. Nxe4 Qe6 16. dxe5 Rfd8 17. Rad1 Rxd1 18. Rxd1 Rd8 19. Rxd8+ Bxd8 20. Qd3 h6 21. Qd6 Qxa2 22. Nfd2 Qe6 23. f4 Qxd6 24. Nxd6 f6 25. exf6 Bxf6 26. Kf2 Kf8 27. Kf3 Ke7 28. N2e4 Ke6 29.
g4 g6 30. Nc4 Bd8 31. Ne3 Ne7 32.
Ng3 a5 33. f5+ Kf7 34. Ke4 a4 35. fxg6+ Kxg6 36. Ke5 b5 37. Kd6 Nc8+ 38. Kd7 Bg5 39. Ngf5 Nb6+ 40. Kc6 Nc4 41. Nxc4 bxc4 42. Kxc5 Bc1 43.
Kxc4 Bxb2 44. Kb4 Kg5 45. c4 a3 46. Kb3 h5 47. h3 hxg4 48. hxg4 Kxg4 49. Nd6 Kf4 50. Nb5 Ke5 51. Nxa3 Bxa3 52. Kxa3 Kd6 53. Kb4 Kc6 54. c5 Kc7 55. Kb5 Kb7 56. c6+ Kc7 57.
Kc5 Kc8 58. Kb6 Kb8 59. c7+ Kc8 60. Kc6 1/2-1/2

[Event "*** Titled Tuesday 3|2 Blitz"]
[Site "Chess.com"]
[Date "2016.01.05"]
[Round "3"]
[White "Dlugy"]
[Black "StellarChessPro"]
[Result "1/2-1/2"]
[WhiteElo "2560"]
[BlackElo "2230"]
[TimeControl "180+2"]
[EndTime "17:35:34 PST"]
[Termination "Game drawn by agreement"]

1. d4 d5 2. Bf4 c6 3. e3 Nf6 4. c4 Nbd7 5. Nc3 e6 6. Nf3 Be7 7. Bd3 O-O 8. O-O h6 9. h3 dxc4 10. Bxc4 b5 11. Bd3 Bb7 12. a3 a6 13. b4 a5 14. Rb1 axb4 15. axb4 Nd5 16. Nxd5 exd5 17. Bc2 Ra3 18. Ne1 Bc8 19. Nd3 Re8 20. Ra1 Rxa1 21. Qxa1 Nb6 22. Ne5 Bd7 23. Rb1 Nc4 24. Nd3 Bf5 25. Ne1 Bxc2 26. Nxc2 Qa8 27. g4 Qb7 28. Qc3 Ra8 29. Ra1 Rxa1+ 30. Qxa1 Bd6 31. Bxd6 Nxd6 32. Ne1 Nc8 33. Nd3 Qa7 34. Qa5 Qb6 35. Qa8 Qc7 36. Ne5 f6 37. Nxc6 Kh7 38. Na5 Ne7 39. Qe8 Qc1+ 40. Kg2 Ng6 41. Qxb5 Nh4+ 42.
Kh2 Qe1 43. Qxd5 Qxf2+ 44. Kh1 Nf3 45. Qf5+ Kg8 46. Qc8+ Kh7 47. Qf5+ 1/2-1/2

[Event "*** Titled Tuesday 3|2 Blitz"]
[Site "Chess.com"]
[Date "2016.01.05"]
[Round "3"]
[White "MasterLeif"]
[Black "DanielNaroditsky"]
[Result "0-1"]
[WhiteElo "2368"]
[BlackElo "2564"]
[TimeControl "180+2"]
[EndTime "17:35:38 PST"]
[Termination "DanielNaroditsky won on time"]

1. e4 e5 2. Nf3 Nc6 3. Bc4 Bc5 4. Nc3 Nf6 5. d3 d6 6. Bg5 h6 7. Bxf6 Qxf6 8. Nd5 Qd8 9. c3 O-O 10. b4 Bb6 11. a4 a5 12. b5 Ne7 13. Nxb6 cxb6 14.
O-O Ng6 15. Re1 Qf6 16. Nd2 Nf4 17. Qf3 Qg5 18. Nf1 Bg4 19. Qe3 Be6 20. Qg3 Qh5 21.
Kh1 Bxc4 22. dxc4 f5 23. Qf3 Qxf3 24. gxf3 fxe4 25. Rxe4 Nd3 26. Kg2 Nc5 27. Re3 Rf4 28. Nd2 Raf8 29. Ne4 Nxe4 30. fxe4 Rxf2+ 31. Kg3 Rd2 32.
Rae1 Rff2 0-1

[Event "*** Titled Tuesday 3|2 Blitz"]
[Site "Chess.com"]
[Date "2016.01.05"]
[Round "3"]
[White "AdrianaNikolova"]
[Black "Assasin14"]
[Result "0-1"]
[WhiteElo "2154"]
[BlackElo "1972"]
[TimeControl "180+2"]
[EndTime "17:35:38 PST"]
[Termination "Assasin14 won by resignation"]

1. e4 c5 2. Nf3 d6 3. d4 cxd4 4. Nxd4 Nf6 5. Nc3 a6 6. Bg5 e6 7. f4 Be7 8. Qf3 Qc7 9. O-O-O Nbd7 10. g4 Rb8 11. Kb1 b5 12. Bxf6 Bxf6 13. Bxb5 Bxd4 14. Bxd7+ Bxd7 15. Rxd4 Qb6 16. b3 Qxd4 17. Rd1 Qc5 18. f5 O-O 19. f6 Rfc8 20. Rd3 Bb5 21. Re3 d5 22. exd5 exd5 23. b4 Qxb4+ 24. Kc1 d4 25. Qf4 Qa3+ 26. Kd1 dxc3 27. Qg5 Rd8+ 28. Ke1 g6 29.
Qh6 Qf8 30. Qh4 Re8 31. Kf2 Rxe3 32. Kxe3 Re8+ 33. Kf3 Bc6+ 34. Kf2 Qc5+ 35. Kf1 Qe3 0-1

[Event "*** Titled Tuesday 3|2 Blitz"]
[Site "Chess.com"]
[Date "2016.01.05"]
[Round "3"]
[White "jcgs1030"]
[Black "BCNUM8"]
[Result "1-0"]
[WhiteElo "2192"]
[BlackElo "2130"]
[TimeControl "180+2"]
[EndTime "17:35:50 PST"]
[Termination "jcgs1030 won on time"]

1. e4 c5 2. Nf3 Nc6 3. d4 cxd4 4. Nxd4 e5 5. Nb5 d6 6. N1c3 a6 7. Na3 b5 8. Nd5 Nge7 9. c4 Nd4 10. Be3 Nxd5 11.
exd5 Nf5 12. cxb5 Nxe3 13. fxe3 Qg5 14. Qf3 Be7 15. bxa6 O-O 16. Be2 e4 17. Qxe4 Qf6 18. O-O-O Bf5 19. Qd4 Qh6 20. Nc4 Bf6 21. Qf4 Qg6 22. g4 Bb1 23. Kd2 Bxa2 24. Bd3 Bxc4 25. Bxg6 fxg6 26. Qxd6 Bxd5 27. Qxd5+ 1-0

[Event "*** Titled Tuesday 3|2 Blitz"]
[Site "Chess.com"]
[Date "2016.01.05"]
[Round "3"]
[White "cheese111"]
[Black "Smirnov_Pavel"]
[Result "0-1"]
[WhiteElo "2254"]
[BlackElo "2258"]
[TimeControl "180+2"]
[EndTime "17:36:10 PST"]
[Termination "Smirnov_Pavel won by resignation"]

1. e4 c5 2. Nf3 d6 3. Bb5+ Nd7 4. d4 cxd4 5. Qxd4 a6 6. Bxd7+ Bxd7 7. c4 Rc8 8. O-O e5 9. Qd3 b5 10. Na3 Qb6 11.
Be3 Qb7 12. Rfd1 Nf6 13. Nd2 Be7 14. Bg5 O-O 15. Nf1 Bc6 16. f3 bxc4 17. Nxc4 d5 18.
exd5 Nxd5 19. Bxe7 Qxe7 20. Nfe3 Nf4 21. Qd2 e4 22. Nf5 Qc5+ 23. Nce3 exf3 24. gxf3 Bxf3 25. Rdc1 Ne2+ 26. Kf2 Nxc1 27. Kxf3 Rfd8 28. Qf2 Qc6+ 29. Kg4 Qe4+ 30. Kh3 Nd3 31. Qg3 Nf4+ 32. Kh4 Ne2+ 33. Qg4 Qxg4+ 34. Nxg4 Kf8 35. Re1 Nd4 0-1

[Event "*** Titled Tuesday 3|2 Blitz"]
[Site "Chess.com"]
[Date "2016.01.05"]
[Round "3"]
[White "nfds"]
[Black "LyonBeast"]
[Result "0-1"]
[WhiteElo "2345"]
[BlackElo "2770"]
[TimeControl "180+2"]
[EndTime "17:36:13 PST"]
[Termination "LyonBeast won by resignation"]

1. d4 Nf6 2. Nf3 g6 3. g3 Bg7 4. Bg2 d5 5. O-O O-O 6. Ne5 Nbd7 7. Bf4 c6 8. c4 dxc4 9. Nxc4 Nb6 10. Nxb6 Qxb6 11.
Qd2 Rd8 12. Rd1 Nd5 13. Be5 Bxe5 14. dxe5 Bg4 15. Re1 Nb4 16. Qc1 Rd7 17. Nd2 Rad8 18. Nc4 Qa6 19. a3 Nd5 20. b4 Nb6 21. Na5 Bxe2 22.
e6 fxe6 23. Qe3 Bc4 24. Nxc4 Qxc4 25. Bh3 Rd6 26. Rac1 Qd4 27. Bxe6+ Kg7 28. Qg5 Qf6 29. Qe3 Rd3 30. Qe4 R8d4 31. Qg2 Rxa3 32. Bh3 Rd2 33.
Re6 Ra1 34. Rce1 Qxe6 35. Rxa1 Qe2 36. Rf1 Rd1 37. Qh1 Nc4 38. Rxd1 Qxd1+ 0-1

[Event "*** Titled Tuesday 3|2 Blitz"]
[Site "Chess.com"]
[Date "2016.01.05"]
[Round "3"]
[White "Aygehovit1992"]
[Black "Fibrinogen"]
[Result "1-0"]
[WhiteElo "2390"]
[BlackElo "2190"]
[TimeControl "180+2"]
[EndTime "17:36:19 PST"]
[Termination "Aygehovit1992 won by resignation"]

1. e4 e5 2. Nf3 Nc6 3. Bb5 a6 4. Bxc6 dxc6 5. h3 f6 6. O-O Ne7 7. d3 g5 8. Nbd2 h5 9. Nc4 g4 10. Nh4 gxh3 11. g3 Bg4 12. f3 Be6 13. Ne3 Qd7 14. Kh2 O-O-O 15. Bd2 c5 16. Qe2 Nc6 17. Bc3 Nd4 18. Bxd4 Qxd4 19. b3 Qd7 20. Nef5 Rg8 21. Rg1 Bd6 22. Kxh3 Rg5 23. Kh2 Rdg8 24. Raf1 Qh7 25.
Qg2 b5 26. Kh1 Rh8 27. Qh2 Rgg8 28. Ra1 Kb7 29. a4 Qd7 30. axb5 axb5 31. c4 Ra8 32.
Ng6 Rxa1 33. Rxa1 Ra8 34. Rxa8 Kxa8 35. Qxh5 Bf7 36. Qh8+ Qe8 37. Qxe8+ Bxe8 38. Nxd6 cxd6 39. Ne7 bxc4 40. dxc4 Bd7 41. Nf5 Bxf5 42. exf5 Kb7 43. Kg2 Kc6 44. g4 d5 45. cxd5+ Kxd5 46. Kg3 Kd4 47. g5 1-0

[Event "*** Titled Tuesday 3|2 Blitz"]
[Site "Chess.com"]
[Date "2016.01.05"]
[Round "3"]
[White "Gabrielian_Artur"]
[Black "IMRosen"]
[Result "1-0"]
[WhiteElo "2478"]
[BlackElo "2207"]
[TimeControl "180+2"]
[EndTime "17:36:47 PST"]
[Termination "Gabrielian_Artur won by resignation"]

1. e4 c5 2. Nf3 e6 3. d4 cxd4 4.
Nxd4 Nc6 5. Nc3 Qc7 6. Be2 a6 7. O-O Nf6 8. Be3 Bb4 9. Na4 O-O 10. c4 Be7 11. Rc1 Nxe4 12. c5 Rb8 13. Bf3 Ng5 14. a3 Nxf3+ 15. Qxf3 Nxd4 16. Bxd4 e5 17. Be3 d6 18. Nb6 dxc5 19. Nd5 Qd8 20. Nxe7+ Qxe7 21. Bxc5 Qe8 22. Bxf8 Qxf8 23. Qd5 Qe7 24. Rfe1 Be6 25. Qxe5 Rd8 26. h3 b5 27. Rc7 Qh4 28. Re4 Qh6 29. Rd4 Rf8 30. Kh2 Qg6 31. f4 Bc4 32. f5 Qb6 33.
Rg4 Qh6 34. Rc6 f6 35. Qe7 a5 36. Rc7 Bf7 37. b4 a4 38. Rc3 Re8 39. Qd6 Bh5 40.
Qd5+ Bf7 41. Qxb5 Re1 42. Rc8+ 1-0

[Event "*** Titled Tuesday 3|2 Blitz"]
[Site "Chess.com"]
[Date "2016.01.05"]
[Round "3"]
[White "zanbato17"]
[Black "Yaacovn"]
[Result "1-0"]
[WhiteElo "2246"]
[BlackElo "2532"]
[TimeControl "180+2"]
[EndTime "17:36:48 PST"]
[Termination "zanbato17 won by resignation"]

1. d4 Nf6 2. c4 e5 3. dxe5 Ne4 4.
Nf3 Nc6 5. Nc3 Nxc3 6. bxc3 d6 7. exd6 Bxd6 8. e3 Qf6 9. Bd2 Bg4 10. Be2 O-O-O 11. h3 Bxf3 12. Bxf3 Ne5 13. Be2 Qg6 14. O-O Bc5 15. Qe1 Rd6 16. f4 Nd3 17. Qh4 Qe4 18. Qg4+ f5 19. Qxg7 Rhd8 20. Bf3 Qxc4 21. Rab1 Bb6 22.
Qxh7 Nxf4 23. Qxf5+ Kb8 24. Be1 Nd5 25. Bf2 Nxc3 26. Rb2 a6 27. Rc2 Rd2 28. Rfc1 Rxc2 29. Qxc2 Rd3 30. Kh1 Bxe3 31. Be2 Rd2 32. Bxc4 Rxc2 33.
Rxc2 Nd1 34. Bxe3 Nxe3 35. Rc3 Nd1 36. Rc1 Nf2+ 37. Kg1 Ne4 38. h4 b5 39. Bd3 Ng3 40. Kf2 Nh5 41. Be2 Nf4 42. h5 1-0

[Event "*** Titled Tuesday 3|2 Blitz"]
[Site "Chess.com"]
[Date "2016.01.05"]
[Round "3"]
[White "lolsirs"]
[Black "saraswathii"]
[Result "0-1"]
[WhiteElo "2103"]
[BlackElo "1884"]
[TimeControl "180+2"]
[EndTime "17:36:53 PST"]
[Termination "saraswathii won by resignation"]

1. d4 c5 2. d5 Nf6 3. c4 e6 4. Nc3 d6 5. Nf3 Be7 6. e4 e5 7. Be2 O-O 8. O-O a6 9. a3 h6 10. b4 cxb4 11. axb4 Nh7 12. Ba3 f5 13. Nd2 fxe4 14.
Ndxe4 Bf5 15. Bg4 Qd7 16. Bxf5 Qxf5 17. c5 dxc5 18. bxc5 Nd7 19. d6 Bg5 20. Qd5+ Kh8 21. Qxb7 Rab8 22. Qd5 Ndf6 23. Qc4 Bf4 24. c6 Rfc8 25.
g3 Bg5 26. c7 Rb7 27. Qxa6 Nxe4 28. Qxb7 Nxc3 29. Qc6 Ne2+ 30. Kg2 Nf6 31. f3 Nd4 32. Qb7 Qc2+ 33. Rf2 Qf5 34. Rb1 Rg8 35. Qb8 Be3 36.
Qxg8+ Nxg8 37. Rff1 Qc2+ 38. Kh1 Qc6 39. Rbc1 Bxc1 40.
c8=Q Qxc8 41. Rxc1 Qa8 42. Rc3 Nb5 43. Rd3 Nxa3 44. d7 Qd8 45. Rxa3 Qxd7 46. Rd3 Qxd3 0-1

[Event "*** Titled Tuesday 3|2 Blitz"]
[Site "Chess.com"]
[Date "2016.01.05"]
[Round "3"]
[White "cool64chess"]
[Black "jcibarra"]
[Result "0-1"]
[WhiteElo "2225"]
[BlackElo "2502"]
[TimeControl "180+2"]
[EndTime "17:37:19 PST"]
[Termination "jcibarra won by resignation"]

1. d4 Nf6 2. c4 d6 3. Nc3 e5 4. dxe5 dxe5 5. Qxd8+ Kxd8 6. Bg5 Be6 7. Nf3 Nd7 8. O-O-O Kc8 9. e3 c6 10. h3 Bb4 11. Nb1 Ne4 12. Bh4 f6 13. Bd3 Nec5 14. Be2 a5 15. a3 Nb3+ 16. Kc2 Na1+ 17. Kc1 Be7 18. Nfd2 Nc5 19. Nc3 Bf5 20. e4 Nab3+ 21. Nxb3 Nxb3+ 22. Kb1 Be6 23. Bg4 Nc5 24. f3 h5 25. Bxe6+ Nxe6 26. Bf2 h4 27. Na4 Bd8 28. Bb6 Ra6 29. Bxd8 Rxd8 30. Rxd8+ Kxd8 31. Rd1+ Ke7 32. Kc2 g5 33. Rg1 Ra8 34. Kc3 Rd8 35. g3 hxg3 36.
Rxg3 Nf4 37. Kc2 Ne2 38. Rg4 Nd4+ 39. Kc3 Nxf3 40. Nc5 b6 41. Nb3 Rh8 42. Rg3 Nh4 43. c5 a4 44. Nd2 b5 45. b3 Ra8 46. Nf3 Nxf3 47. Rxf3 axb3 48. Kxb3 Ra4 49. Re3 Rc4 50.
h4 gxh4 51. Kb2 Kf7 52. Kb3 Kg6 53. Rd3 Rxc5 0-1

[Event "*** Titled Tuesday 3|2 Blitz"]
[Site "Chess.com"]
[Date "2016.01.05"]
[Round "3"]
[White "chesstatour"]
[Black "aNONoNonono"]
[Result "0-1"]
[WhiteElo "1920"]
[BlackElo "2170"]
[TimeControl "180+2"]
[EndTime "17:37:24 PST"]
[Termination "aNONoNonono won by resignation"]

1. c4 Nf6 2. Nc3 e6 3. e4 d5 4. cxd5 exd5 5. exd5 Nxd5 6. d4 Be7 7. Nf3 O-O 8. Be2 Re8 9. O-O Nc6 10. Bd2 Bg4 11. Rc1 Bf6 12. Nxd5 Qxd5 13. Be3 Rad8 14. Bc4 Qh5 15. d5 Ne5 16. Be2 Nxf3+ 17. Bxf3 Bxf3 18.
Qxf3 Qxf3 19. gxf3 Rxd5 20. Rxc7 Rb5 21. b3 h6 22. Rd1 Re7 23. Rd8+ Kh7 24. Rxe7 Bxe7 25. Rd7 Bc5 26. Rxf7 Kg6 27. Rd7 Bxe3 28. fxe3 Ra5 29. a4 b6 30. Kf2 Rc5 31. Rxa7 Rc2+ 32. Kg3 Rc3 33. b4 Rxe3 34. Ra6 Re6 35. a5 Kf7 36. Rxb6 Re1 37. a6 Ra1 38. Rb7+ Ke6 39. b5 Kd5 40. Rxg7 Rg1+ 41. Kf4 Rxg7 42. b6 Kc6 43. b7 Rg8 44. Kf5 Kb6 45. Kf6 Kxa6 46. f4 Kxb7 47. f5 Kc7 48. Kf7 Rg2 49. f6 Rxh2 50.
Kg6 Rf2 0-1

[Event "*** Titled Tuesday 3|2 Blitz"]
[Site "Chess.com"]
[Date "2016.01.05"]
[Round "3"]
[White "RobertoSuardi"]
[Black "ChessChronicles123"]
[Result "1-0"]
[WhiteElo "1891"]
[BlackElo "1697"]
[TimeControl "180+2"]
[EndTime "17:37:41 PST"]
[Termination "RobertoSuardi won by resignation"]

1. Nf3 d5 2. b3 Nf6 3. Bb2 Nbd7 4. e3 g6 5. Be2 Bg7 6. c4 e6 7. O-O c5 8. cxd5 exd5 9. d4 b6 10. dxc5 bxc5 11. Nc3 Bb7 12. Na4 O-O 13. Rc1 Rc8 14. Ne5 Nxe5 15. Bxe5 Qe7 16. Bb2 Rfd8 17. Bf3 Ne4 18.
Bxg7 Kxg7 19. Bxe4 dxe4 20. Qe2 f5 21. Rfd1 Rxd1+ 22.
Rxd1 Bc6 23. Nb2 Rd8 24. Rd2 Rxd2 25. Qxd2 Qd7 26. Qxd7+ Bxd7 27. Kf1 Kf6 28. Ke1 Bb5 29. h4 Ke5 30. g3 Kd5 31. Kd2 c4 32. b4 Kc6 33. Kc3 Kd5 34. a4 Bc6 35. b5 Bd7 36.
Nxc4 Kc5 37. Nd2 a6 38. Nb3+ Kb6 39. bxa6 Bxa4 40. a7 Kxa7 41. Nc5 Bc6 42. Kd4 Kb6 43. Ne6 Be8 44. Ke5 Kc6 45. Kf6 Kd6 46. Nf8 Kd5 47. Nxh7 Kc4 48. Nf8 Kd3 49. Nxg6 Ke2 50. h5 Kxf2 51. h6 Bxg6 52. Kxg6 Kxe3 53. Kxf5 Kf3 54. h7 e3 55. h8=Q e2 56. Qe5 Kf2 57.
g4 e1=Q 58. Qxe1+ Kxe1 59. g5 Ke2 60. g6 1-0

[Event "*** Titled Tuesday 3|2 Blitz"]
[Site "Chess.com"]
[Date "2016.01.05"]
[Round "3"]
[White "Zlatan56"]
[Black "GianmarcoVaR"]
[Result "0-1"]
[WhiteElo "2536"]
[BlackElo "2270"]
[TimeControl "180+2"]
[EndTime "17:37:46 PST"]
[Termination "GianmarcoVaR won by resignation"]

1. Nf3 Nf6 2. g3 b6 3. Bg2 Bb7 4. O-O c5 5. c4 g6 6. b3 Bg7 7.
Bb2 O-O 8. Nc3 Ne4 9. Qc2 Nxc3 10. Bxc3 d6 11. d4 cxd4 12. Bxd4 Bxd4 13. Nxd4 Bxg2 14.
Kxg2 Qd7 15. Qc3 Nc6 16. Nc2 Rfc8 17. Ne3 Ne5 18. Qd4 b5 19. cxb5 Qxb5 20. Rfe1 Qc5 21. Rad1 Qxd4 22. Rxd4 Kf8 23. f4 Nd7 24. Rc4 Nb6 25.
Rxc8+ Rxc8 26. Rd1 Ke8 27. Kf2 Kd7 28. g4 e6 29. h4 d5 30. h5 a5 31. h6 Rc3 32. g5 Kd6 33. Ng4 Nd7 34. Rd4 Kc5 35. Ra4 Kb5 36. e4 Nc5 37. exd5 Nxa4 38. bxa4+ Kxa4 39. d6 Rd3 40. Nf6 Rxd6 41. Nxh7 Rd8 42. Nf6 Ka3 43. h7 Rh8 44. Ke3 Kxa2 45. Kd4 Kb3 46.
Kc5 a4 47. Kd6 a3 48. Ke7 a2 49. Kxf7 a1=Q 50. Kxg6 Qa7 51. Kh6 Qf7 0-1